 Dungeon Crawl Stone Soup version 0.21.0-3-g78d12a8 (webtiles) character file.

161 piemaster the Chopper (level 5, -4/47 HPs)
             Began as a Hill Orc Monk on Jan 8, 2018.
             Slain by Crazy Yiuf
             ... wielding a +3 quarterstaff of chaos
              (9 damage)
             ... on level 3 of the Dungeon.
             The game lasted 00:12:19 (4763 turns).

piemaster the Chopper (Hill Orc Monk)               Turns: 4763, Time: 00:12:19

Health: -4/47      AC:  6    Str: 15    XL:     5   Next: 42%
Magic:  5/5        EV: 12    Int: 10    God:
Gold:   127        SH:  0    Dex: 13    Spells: 4/4 levels left

rFire    . . .     SeeInvis .   a - +0 hand axe
rCold    . . .     Gourm    .   (no shield)
rNeg     . . .     Faith    .   j - +0 ring mail
rPois    .         Spirit   .   (no helmet)
rElec    .         Reflect  .   (no cloak)
rCorr    .         Harm     .   (no gloves)
MR       .....                  e - +0 pair of boots
Stlth    +.........             (no amulet)
HPRegen  0.15/turn              (no ring)
MPRegen  0.09/turn              (no ring)

@: lethally poisoned (-4 -> -18)
A: no striking features
a: no special abilities


You were on level 3 of the Dungeon.
You were hungry.

You visited 1 branch of the dungeon, and saw 4 of its levels.

You collected 127 gold pieces.

Inventory:

Hand Weapons
 a - a +0 hand axe (weapon)
 g - a +0 spear of pain
Missiles
 p - 2 tomahawks (quivered)
Armour
 e - a +0 pair of boots (worn)
 j - a +0 ring mail (worn)
 k - a +0 plate armour
Jewellery
 o - an uncursed amulet of the gourmand {unknown}
Scrolls
 b - a scroll of magic mapping {unknown}
 f - 2 scrolls of remove curse {unknown}
 h - a scroll of enchant armour {unknown}
 i - a scroll of identify {unknown}
 n - a scroll of immolation {unknown}
Potions
 d - a potion of agility {unknown}
 l - a potion of resistance {unknown}
 m - a potion of curing {unknown}
Comestibles
 c - 3 rations


   Skills:
 + Level 4.7 Fighting
 + Level 5.2 Axes
 + Level 3.2 Dodging
 + Level 2.7 Stealth


You had 4 spell levels left.
You didn't know any spells.

Dungeon Overview and Level Annotations

Branches:
Dungeon (4/15)
 Temple: D:4-7

Altars:
Okawaru

Annotations:
D:1 exclusion: downstairs
D:2 Terence
D:3 Crazy Yiuf


Message History

Crazy Yiuf hits you with a quarterstaff of chaos!
* * * LOW HITPOINT WARNING * * *
Okay, then.
Okay, then.
You hit Crazy Yiuf but do no damage.
Crazy Yiuf is moderately wounded.
Crazy Yiuf yells, "Two Orb Guardian infinity!"
Crazy Yiuf hits you with a quarterstaff of chaos.
* * * LOW HITPOINT WARNING * * *
You are more poisoned.
You barely miss Crazy Yiuf.
Crazy Yiuf is moderately wounded.
* * * LOW HITPOINT WARNING * * *
You feel sick. Crazy Yiuf closely misses you.
You slash Crazy Yiuf!
Crazy Yiuf is severely wounded.
* * * LOW HITPOINT WARNING * * *
You feel sick.
Crazy Yiuf hits you with a quarterstaff of chaos!
You die...

#########..#
#....# ######
#.....'..#
♣....♣
#.#####..#
♣...♣♣ #.# #..#
♣♣.♣♣ #.# ####
♣.♣♣ #.# ♣♣.♣
#.# ♣.♣♣ # #.#
♣♣.♣ # #.# #@# #
#.# #.g.# # #.#
#...# #
#.######## #..)#
# #.#..)...#
##### #
#.#.###### #
#.......# ###
####...#.#####.#
#<..##.#.#.....#
########


You could see Crazy Yiuf.

Vanquished Creatures
  5 adders
  5 gnolls
  3 worms (D:2)
  A leopard gecko (D:1)
  2 orcs (D:2)
  A ball python (D:2)
  5 bats
  2 giant cockroaches (D:2)
  10 goblins
  6 hobgoblins
  11 kobolds
  4 frilled lizards (D:2)
  A jackal skeleton (D:4)
  7 rats
63 creatures vanquished.

Notes
Turn   | Place    | Note
-------+----------+-------------------------------------------
     0 | D:1      | piemaster the Hill Orc Monk began the quest for the Orb.
     0 | D:1      | Reached XP level 1. HP: 19/19 MP: 1/1
   758 | D:1      | Reached XP level 2. HP: 27/27 MP: 2/2
   845 | D:1      | You fall through a shaft!
  1372 | D:1      | Reached XP level 3. HP: 33/33 MP: 3/3
  1672 | D:2      | Noticed Terence
  2490 | D:2      | Reached XP level 4. HP: 40/40 MP: 4/4
  3062 | D:2      | Found an iron altar of Okawaru.
  3178 | D:2      | Reached skill level 5 in Axes
  3385 | D:2      | Reached XP level 5. HP: 22/47 MP: 5/5
  4054 | D:3      | Found a runed door.
  4700 | D:4      | Noticed an ogre
  4752 | D:3      | Noticed Crazy Yiuf
  4763 | D:3      | Slain by Crazy Yiuf

Skill      XL: |  1  2  3  4 |
---------------+-------------+-----
Fighting       | 4 |  4.7
Stealth        | 2 |  2.7
Dodging        | 3 |  3.2
Axes           | 5 |  5.2

Action                   |  1- 3 |  4- 6 || total
-------------------------+-------+-------++-------
Melee: Hand axe          |   139 |   120 ||   259
Throw: Tomahawk          |    20 |    12 ||    32
 Stab: Sleeping          |     2 |     1 ||     3
       Distracted        |       |     1 ||     1
  Eat: Chunk             |     3 |     5 ||     8
       Ration            |     1 |       ||     1
Armor: Robe              |     1 |       ||     1
       Ring mail         |    43 |    34 ||    77
Dodge: Dodged            |    77 |    69 ||   146
